 Dungeon Crawl Stone Soup version 0.24-a0-10-gb84795d (console) character file.

Game seed: 16902635728500230576

13 Duffy the Sneak (level 2, 5/28 HPs)
             Began as a Naga Wanderer on Jan 31, 2019.
             Quit the game on level 3 of the Dungeon.
             The game lasted 00:00:37 (547 turns).

Duffy the Sneak (Naga Wanderer)                      Turns: 547, Time: 00:00:37

Health: 5/28       AC:  1    Str: 11    XL:     2   Next: 37%
Magic:  2/2        EV:  9    Int: 13    God:
Gold:   6          SH:  0    Dex: 12    Spells: 1/1 levels left

rFire    . . .     SeeInvis +   a - +2 dagger
rCold    . . .     Gourm    .   (no shield)
rNeg     . . .     Faith    .   f - +0 robe
rPois    +         Spirit   .   (no helmet)
rElec    .         Reflect  .   (no cloak)
rCorr    .         Harm     .   (no gloves)
MR       .....                  (no barding)
Stlth    ++........             (no amulet)
HPRegen  0.09/turn              i - ring of wizardry
MPRegen  0.08/turn              (no ring)

@: very slow
A: large, see invisible, deformed body, poison resistance, slowness 2, slow
metabolism 1, spit poison 1, AC +0
a: Spit Poison


You were on level 3 of the Dungeon.
You were not hungry.

You visited 1 branch of the dungeon, and saw 3 of its levels.

You collected 6 gold pieces.

Inventory:

Hand Weapons
 a - a +2 dagger (weapon)
 c - a +0 shortbow
Missiles
 d - 24 arrows
Armour
 f - a +0 robe (worn)
Jewellery
 i - a ring of wizardry (left hand)
Scrolls
 b - a scroll of blinking
 h - a scroll of remove curse {unknown}
Potions
 e - a potion of lignification
Comestibles
 g - a ration


   Skills:
 + Level 3.0 Fighting
 - Level 2.6 Bows
 - Level 1.0 Throwing
 - Level 1.0 Dodging
 - Level 3.0 Stealth
   Level 1.0 Shields


You had one spell level left.
You didn't know any spells.
Your spell library was empty.

Dungeon Overview and Level Annotations

Branches:
Dungeon (3/15)

Altars:


Innate Abilities, Weirdness & Mutations

You cannot wear boots.
Your serpentine skin is tough. (AC +0)
You have supernaturally acute eyesight. (SInv)
Armour fits poorly on your strangely shaped body.
Your system is resistant to poisons. (rPois)
You cover ground very slowly.
You have a slow metabolism.
You can spit poison.


Message History

The giant cockroach bites you. The giant cockroach barely misses you.
You see here a bat corpse.
The giant cockroach bites you but does no damage.
Found a faded altar of an unknown god.
You enter the shallow water.
Moving in this stuff is going to be slow.
The giant cockroach bites you. The giant cockroach misses you.
A bat and a ball python come into view.
The giant cockroach bites you but does no damage.
You enter the shallow water.
Moving in this stuff is going to be slow.
A rat comes into view.
The bat hits you but does no damage. x2; The giant cockroach barely misses you.
The rat moves out of view.
Found 20 arrows.
Why would you want to do that? Why would you want to do that?
Okay, then.
Are you sure you want to abandon this character and quit the game? (Confirm with "yes".)

########.###.#
##.....#......#
##(!(..........## #
#...........%...#######.#
#..<............~).~~~.S.
#...(.%)..........~~~~~..
#....>.........~~~~~~~~~~
#................~~~~~~~~
##.............~s@~~~~~~~
##.....#.....#~.b~~...~~
#############~~~~~7_7~~
#.~~~~~.~~ #..~~~~~~~~
#.~~~~~~~~~ #.~~~~~~~~~
#.~.....(~.


You could see a giant cockroach, a bat and a ball python (sleeping).

Vanquished Creatures
  A worm (D:2)
  A leopard gecko (D:2)
  A ball python (D:1)
  5 bats
  A kobold (D:3)
  A rat (D:2)
10 creatures vanquished.

Notes
Turn   | Place    | Note
-------+----------+-------------------------------------------
     0 | D:1      | Duffy the Naga Wanderer began the quest for the Orb.
     0 | D:1      | Duffy set off with the following items: a +2 dagger, a
                  | scroll of blinking, a +0 shortbow, 24 arrows, a potion of
                  | lignification, a +0 robe, a ration
     0 | D:1      | Reached XP level 1. HP: 19/19 MP: 1/1
   123 | D:2      | Reached XP level 2. HP: 11/27 MP: 2/2
   543 | D:3      | Found a faded altar of an unknown god.
   547 | D:3      | Quit the game

Vault maps used:
D:1:      minmay_arrival_plants_in_alcoves, minmay_nonomino_d4
D:2:      lemuel_crystal_altar, minmay_tall_x, uniq_natasha, uniq_sigmund
D:3:      cheibrodos_sewer_entry_sluice, chequers_ecumenical_altar_island,
          uniq_jessica, uniq_robin

Skill      XL: |  1  2 |
---------------+-------+-----
Fighting       | 3 |  3.0
Bows           | |  2.6
Throwing       | |  1.0
Dodging        | |  1.0
Stealth        | |  3.0
Shields        | |  1.0

Action                   || total
-------------------------++-------
Melee: Dagger            ||    56
 Abil: Spit Poison       ||     1
Armor: Robe              ||    30
Dodge: Dodged            ||    50

Table legend:
 A = Non-vault XP
 B = Vault XP
 C = Vault XP percentage of total XP
 D = Non-vault monster count
 E = Vault monster count
 F = Vault count percentage of total count
                 A         B        C        D         E       F
            +---------+---------+-------+---------+---------+-------
      Total |       9 |      10 |  52.6 |       6 |       4 |  40.0
            +---------+---------+-------+---------+---------+-------
        D:1 |       3 |       0 |   0.0 |       2 |       0 |   0.0
        D:2 |       2 |      10 |  83.3 |       1 |       4 |  80.0
        D:3 |       4 |       0 |   0.0 |       3 |       0 |   0.0
            +---------+---------+-------+---------+---------+-------
